 Dungeon Crawl Stone Soup version 0.26-a0-1106-g6dfc622489 (webtiles) character file.

Game seed: 4953752858358794611

139048 KristoblXynda the Fencer (level 16, 0/178 HPs)
             Began as a Grey Draconian Gladiator on Dec 16, 2020.
             Was the Champion of Okawaru.
             Killed by divine providence
             ... invoked by a balrug
              (8 damage)
             ... on level 2 of the Depths.
             The game lasted 01:00:26 (35330 turns).

KristoblXynda the Fencer (DrGl)                    Turns: 35330, Time: 01:00:26

Health: 0/178      AC: 23    Str: 19    XL:     16   Next: 72%
Magic:  23/23      EV: 28    Int: 18    God:    Okawaru [******]
Gold:   1265       SH: 11    Dex: 20    Spells: 11/15 levels left

rFire    + + +     SeeInvis +   b - +6 scimitar "Noaf" {elec, *Drain rF++ Int+4 Stlth+}
rCold    + . .     Faith    .   p - +0 buckler
rNeg     + . .     Spirit   .   (armour unavailable)
rPois    +         Reflect  +   I - +2 hat {SInv}
rElec    .         Harm     .   q - +1 cloak {rC+}
rCorr    .         Rampage  .   i - +2 pair of gloves {Dex+3}
Will     +....                  a - +0 pair of boots
Stlth    +++.......             f - amulet of reflection
HPRegen  0.39/turn              j - ring "Ligeguall" {*Slow rF+ rN+ Int+2 Dex+3}
MPRegen  0.18/turn              u - +4 ring of evasion

@: hasted, studying Fighting, very quick
A: walk through water, unfitting armour, poison resistance, robust 2, shaggy fur
1, unbreathing, cold-blooded, AC +14
a: Heroism, Finesse, Renounce Religion


You were on level 2 of the Depths.
You worshipped Okawaru.
Okawaru was exalted by your worship.
You visited 5 branches of the dungeon, and saw 26 of its levels.
You also visited: Ice Cave.

You collected 3591 gold pieces.
You spent 2326 gold pieces at shops.

Inventory:

Hand Weapons
 b - the +6 scimitar "Noaf" (weapon) {elec, *Drain rF++ Int+4 Stlth+}
   (Okawaru gifted it to you on level 1 of the Depths)

   Occasionally, upon striking a foe, it can discharge electrical energy and
   cause terrible harm.
   It affects your intelligence (+4).
   It greatly protects you from fire.
   It causes draining when unequipped.
   It makes you more stealthy.
 s - the +0 hand crossbow "Guisu" {elec, *Corrode rN+++ Str+6 Dex+3}
   (Okawaru gifted it to you on level 15 of the Dungeon)

   It charges the ammunition it shoots with electricity; occasionally upon a
   hit, such missiles may discharge and cause terrible harm.
   It affects your strength (+6).
   It affects your dexterity (+3).
   It renders you almost immune to negative energy.
   It may corrode you when you take damage.
 P - the +5 demon blade of Imbalance {flame, +Rage Str+3 Stlth+}
   (Okawaru gifted it to you on level 1 of the Depths)

   It has been specially enchanted to burn those struck by it, causing extra
   injury to most foes and up to half again as much damage against particularly
   susceptible opponents.
   Big, fiery blades are also staple armaments of hydra-hunters.
   It affects your strength (+3).
   It lets you go berserk.
   It makes you more stealthy.
Missiles
 c - 6 throwing nets (quivered)
 C - 117 bolts
Armour
 a - a +0 pair of boots (worn)
 i - a +2 pair of gloves of dexterity (worn)
 p - a +0 buckler (worn)
 q - a +1 cloak of cold resistance (worn)
 I - a +2 hat of see invisible (worn)
Jewellery
 f - an amulet of reflection (around neck)
 j - the ring "Ligeguall" (left hand) {*Slow rF+ rN+ Int+2 Dex+3}
   (You bought it in a shop on level 15 of the Dungeon)

   [ring of positive energy]

   It affects your intelligence (+2).
   It affects your dexterity (+3).
   It protects you from fire.
   It protects you from negative energy.
   It may slow you when you take damage.
 u - a +4 ring of evasion (right hand)
Wands
 y - a wand of digging (3)
 H - a wand of paralysis (14)
Scrolls
 e - 3 scrolls of fog
 r - 17 scrolls of remove curse
 t - 4 scrolls of amnesia
 w - a scroll of holy word
 O - 2 scrolls of silence
 Q - a scroll of magic mapping
Potions
 k - 3 potions of flight
 l - a potion of resistance
 m - 4 potions of brilliance
 v - 3 potions of mutation
 x - 2 potions of attraction
 z - 3 potions of cancellation
 B - 4 potions of magic
 D - 2 potions of ambrosia
 E - 3 potions of lignification
 G - 2 potions of might
 K - 2 potions of haste
Books
 o - a manual of Fighting
Miscellaneous
 F - a phantom mirror
 L - a lightning rod (4/4)
 M - a condenser vane (inert)
 N - a phial of floods


   Skills:
 + Level 15.4 Fighting
 + Level 15.7 Long Blades
 - Level 4.0 Crossbows
 - Level 2.0 Throwing
 + Level 13.5 Dodging
 - Level 4.0 Shields
 + Level 7.0 Earth Magic
 - Level 10.6 Invocations
 - Level 10.0 Evocations


You had 11 spell levels left.
You knew the following spells:

 Your Spells              Type           Power        Failure   Level
a - Petrify               Tmut/Erth      ##......     45%         4

Your spell library contained the following spells:

 Spells                   Type           Power        Failure   Level
 Beastly Appendage        Tmut           #.....       22%         1
 Corona                   Hex            #......      22%         1
 Freeze                   Ice            #...         22%         1
 Magic Dart               Conj           #...         22%         1
 Shock                    Conj/Air       #...         22%         1
 Sting                    Tmut/Pois      #...         22%         1
 Blink                    Tloc           N/A          32%         2
 Call Imp                 Summ           #.......     32%         2
 Ensorcelled Hibernation  Hex/Ice        #.....       32%         2
 Poisonous Vapours        Pois/Air       #.....       32%         2
 Slow                     Hex            #.......     32%         2
 Swiftness                Air            #.......     32%         2
 Wereblood                Tmut           #.......     32%         2
 Leda's Liquefaction      Hex/Erth       ##........   45%         4
 Confusing Touch          Hex            #.......     54%         3
 Conjure Flame            Conj/Fire      #.......     54%         3
 Dazzling Flash           Conj/Hex       #.....       54%         3
 Frozen Ramparts          Ice            #.....       54%         3
 Gell's Gravitas          Tloc           #.........   54%         3
 Ignite Poison            Fire/Tmut/Pois #.......     54%         3
 Inner Flame              Hex/Fire       #.......     54%         3
 Mephitic Cloud           Conj/Pois/Air  #.......     54%         3
 Ozocubu's Armour         Ice            #.......     54%         3
 Portal Projectile        Hex/Tloc       #.....       54%         3
 Spider Form              Tmut/Pois      #.........   54%         3
 Static Discharge         Conj/Air       #.......     54%         3
 Tukima's Dance           Hex            #.......     54%         3
 Airstrike                Air            #.........   91%         4
 Cause Fear               Hex            #.........   91%         4
 Hailstorm                Conj/Ice       #.......     91%         4
 Ice Form                 Ice/Tmut       #.......     91%         4
 Olgreb's Toxic Radiance  Pois           #.......     91%         4
 Summon Ice Beast         Ice/Summ       #.......     91%         4
 Blade Hands              Tmut           #.........   99%         5
 Lightning Bolt           Conj/Air       #.........   99%         5
 Metabolic Englaciation   Hex/Ice        #.........   99%         5
 Yara's Violent Unravell  Hex/Tmut       #.........   99%         5
 Dispersal                Tloc           #.........   100%        6
 Freezing Cloud           Conj/Ice/Air   #.........   100%        6
 Ozocubu's Refrigeration  Ice            #.........   100%        6
 Simulacrum               Ice/Necr       #.........   100%        6
 Disjunction              Tloc           #.........   100%        8


Dungeon Overview and Level Annotations

Branches:
Dungeon (15/15)            Temple (1/1) D:6            Lair (6/6) D:10
  Swamp (0/4) Lair:4        Snake (0/4) Lair:2        Slime (0/5) Lair:5
    Orc (2/2) D:11            Elf (0/3) Orc:2        Vaults (0/5) D:13
 Depths (2/5) D:15          IceCv (visited)

Altars:
Ashenzari
Cheibriados
Dithmenos
Elyvilon
Fedhas
Gozag
Hepliaklqana
Kikubaaqudgha
Makhleb
Nemelex Xobeh
Okawaru
Qazlal
Ru
Sif Muna
Trog
Uskayaw
Vehumet
Wu Jian
Xom
Yredelemnul
Zin
The Shining One
Beogh

Shops:
D:10 :   D:14 =   D:15 =   Orc:2 ???*

Portals:
Hell: Depths:1
Abyss: Depths:1
Pandemonium: Depths:1

Annotations:
D:7 exclusion: ice statue
D:8 exclusions: ice statue and obsidian statue
D:11 1 runed translucent door, chispire's ghost, journeyman MiBe
D:14 3 runed translucent doors, 1994's ghost, journeyman PaBe
Lair:1 exclusion: 2 oklob plants


Innate Abilities, Weirdness & Mutations

You can walk through water.
Your dull iron-grey scales are very hard. (AC +14)
You cannot fit into any form of body armour.
You can survive without breathing.
You are cold-blooded and may be slowed by cold attacks.
Your system is resistant to poisons. (rPois)
You are very robust. (+20% HP)
You are covered in fur. (AC +1)


Message History

An ogre and an ogre mage come into view.
A two-headed ogre comes into view. It is wielding two +0 giant clubs.
A two-headed ogre comes into view. It is wielding two +0 giant clubs.
A spriggan air mage comes into view.
The two-headed ogre moves out of view.
Unknown command.
You open the large door.
The deep elf high priest shouts!
You block the red devil's attack.
The spriggan berserker shouts!
You hear a shout!
The balrug gestures at you. Something smites you!
* * * LOW HITPOINT WARNING * * *
The deep elf high priest prays to its god.
The deep elf high priest begins emitting a brilliant aura!
There is a large open door here.
Okay, then.
The balrug gestures at you. Something smites you!
You die...

..OO..'...≈...≈..
.O..''...≈...≈..
....'i...≈e..≈... #####
...#....≈..°≈... ....#
##..4.°○°○°... ..>.# ############
#..§.°...(..§.
....###8#8#88#8#8###..3§3§§....§§
⌠...#..............#O4Q...≈≈≈..4≈
....'...........@h.'4.2§.≈≈§≈§§§§
....'..............'..§..§§§§§.h≈
....#..............#..≈..≈≈§≈3..§
#.8.###8#8#88#8#8###..§.§.≈≈≈§§§§
##..# ############ #..≈≈...§..§≈§
##.# #...§)....§§§§ ###
#≈....≈?))§. . ≈≈...§./)≈. .
####### #


You could see a balrug, a tengu warrior, a two-headed ogre, 2 red devils and a
hell hound.

Vanquished Creatures
  Kirke (Lair:6)
  A tengu reaver (Depths:1)
  3 frost giants (Depths:1)
  A fire giant (Depths:2)
  3 dire elephants (Lair:6)
  Snorg (D:10)
  A minotaur (D:15)
  An ettin (shapeshifter) (D:15)
  Josephine (D:10)
  A fire dragon (Depths:1)
  2 jiangshi (Depths:1)
  Fannar (D:10)
  A rakshasa (Depths:1)
  2 great orbs of eyes
  A vault guard (D:13)
  11 hydras
  2 ice dragons (Depths:1)
  Erolcha (D:13)
  An anaconda (Lair:6)
  3 centaur warriors
  A spriggan air mage (Depths:1)
  8 two-headed ogres
  2 ogre magi
  A death knight (D:14)
  Urug (Lair:3)
  A vampire mage (Depths:1)
  A spriggan berserker (Depths:1)
  2 tengu warriors
  2 orc high priests (Orc:2)
  A skeletal warrior (D:14)
  A bog body (Lair:4)
  A wizard (D:13)
  A glowing orange brain (D:15)
  2 unseen horrors (D:15)
  3 orc knights
  A necromancer (IceCv)
  A cyclops (Orc:2)
  8 ugly things
  2 manticores (D:14)
  5 orc sorcerers (Orc:2)
  A guardian serpent (Lair:2)
  3 black mambas
  8 elephants (Lair:6)
  Joseph (D:8)
  An ice statue (IceCv)
  3 gargoyles
  10 cane toads
  A rime drake (shapeshifter) (D:15)
  2 kobold demonologists
  6 komodo dragons
  3 rime drakes
  11 freezing wraiths
  6 yaktaurs
  2 tengu conjurers
  A yaktaur (shapeshifter) (D:15)
  2 ice devils
  A hornet (Depths:1)
  8 trolls
  3 polar bears
  7 meliai
  A wolf spider simulacrum (IceCv)
  9 slime creatures
  A slime creature (shapeshifter) (D:15)
  18 blink frogs
  7 dream sheep (Lair:4)
  A shadow (D:13)
  A spriggan (Depths:1)
  6 wraiths
  6 water elementals
  Sigmund (D:3)
  33 yaks
  A tarantella (shapeshifter) (D:15)
  Eustachio (D:6)
  A hog (Lair:6)
  8 wyverns
  A basilisk (shapeshifter) (D:15)
  3 basilisks
  6 wargs
  2 steam dragons
  5 vampire mosquitoes
  A swamp worm (Lair:4)
  Duvessa (D:4)
  A soldier ant (D:12)
  An acid dragon (D:13)
  Edmund (D:6)
  8 water moccasins
  A sky beast (shapeshifter) (D:15)
  2 black bears
  4 eyes of draining
  12 ice beasts
  22 orc warriors
  8 sky beasts
  2 necrophages
  5 boggarts (D:15)
  10 ogres
  5 phantoms
  25 wolves
  17 centaurs
  4 big kobolds
  A gnoll sergeant (D:11)
  A wyvern zombie (D:7)
  Dowan (D:4)
  16 bullfrogs
  10 scorpions
  A water moccasin skeleton (D:9)
  11 killer bees
  15 wights
  5 electric eels
  2 bullfrog zombies
  3 draconian simulacra (IceCv)
  2 quasits
  8 hounds
  26 orc priests
  3 bullfrog skeletons
  11 jellies
  38 orc wizards
  5 centaur skeletons
  4 centaur zombies
  A gnoll shaman (Orc:1)
  7 iguanas
  3 troll simulacra (IceCv)
  10 worker ants
  2 spriggan simulacra (IceCv)
  2 wolf simulacra (IceCv)
  A polar bear simulacrum (IceCv)
  3 centaur simulacra (IceCv)
  4 hound skeletons
  10 gnolls
  8 naga simulacra (IceCv)
  8 adders
  An ogre simulacrum (IceCv)
  A shadow imp (D:8)
  26 white imps
  An ufetubus (D:9)
  14 oozes
  4 adder skeletons
  5 worms
  The ghost of rlgrobin the Sneak, a weakling KoDe (D:4)
  The ghost of Arafaate the Vexing, a weakling FoAM (D:15)
  7 leopard geckos
  79 orcs
  8 bats
  5 giant cockroaches
  11 goblins
  4 hobgoblins
  12 jackals
  16 kobolds
  4 quokkas
  4 ball pythons
  11 frilled lizards
  3 quokka skeletons
  4 rats
850 creatures vanquished.

Vanquished Creatures (collateral kills)
  A hydra (D:14)
  A water moccasin (Lair:6)
2 creatures vanquished.

Vanquished Creatures (others)
  5 humans
  An orc wizard (Orc:2)
  A bush (Lair:6)
  28 fungi
  63 plants
98 creatures vanquished.

Grand Total: 950 creatures vanquished

Notes
Turn   | Place    | Note
-------+----------+-------------------------------------------
     0 | D:1      | KristoblXynda the Draconian Gladiator began the quest for
                  | the Orb.
     0 | D:1      | Reached XP level 1. HP: 17/17 MP: 1/1
   207 | D:1      | Reached XP level 2. HP: 25/25 MP: 2/2
  1268 | D:2      | Reached XP level 3. HP: 26/30 MP: 3/3
  1270 | D:2      | Found an opulent altar of Gozag.
  1270 | D:2      | Found a bloodstained altar of Trog.
  1270 | D:2      | Found a burning altar of Makhleb.
  1309 | D:2      | Found a shimmering blue altar of Sif Muna.
  1312 | D:2      | Found an ancient bone altar of Kikubaaqudgha.
  2006 | D:3      | Found a faded altar of an unknown god.
  2006 | D:3      | Noticed an ogre
  2014 | D:3      | Killed an ogre
  2015 | D:3      | Reached XP level 4. HP: 18/38 MP: 4/4
  2015 | D:3      | Reached XP level 5. HP: 21/45 MP: 5/5
  2096 | D:3      | Noticed Sigmund
  2675 | D:3      | Found a basalt altar of Yredelemnul.
  2799 | D:3      | Killed Sigmund
  2800 | D:3      | Reached skill level 5 in Long Blades
  2800 | D:3      | Reached XP level 6. HP: 50/52 MP: 6/6
  3402 | D:4      | Noticed Dowan
  3403 | D:4      | Noticed Duvessa
  3453 | D:4      | Killed Duvessa
  3454 | D:4      | Your scales start taking on a dull iron-grey colour.
  3454 | D:4      | Reached XP level 7. HP: 22/60 MP: 7/7
  3454 | D:4      | Gained mutation: You can survive without breathing. [Grey
                  | Draconian growth]
  3463 | D:4      | Killed Dowan
  3764 | D:4      | Reached skill level 5 in Fighting
  4240 | D:4      | Found a runed translucent gate.
  4240 | D:4      | Found a runed translucent gate.
  4240 | D:4      | Found a runed translucent gate.
  4240 | D:4      | Found an opulent altar of Gozag.
  4257 | D:4      | Reached skill level 5 in Dodging
  4257 | D:4      | Reached XP level 8. HP: 67/69 MP: 8/8
  4533 | D:4      | Noticed rlgrobin's ghost (weakling KoDe)
  4781 | D:4      | Killed rlgrobin's ghost
  4830 | D:5      | Entered Level 5 of the Dungeon
  5123 | D:5      | Found a sacrificial altar of Ru.
  5306 | D:5      | Found a bloodstained altar of Trog.
  5761 | D:6      | Noticed Eustachio
  5764 | D:6      | Noticed Edmund
  5777 | D:6      | Killed Edmund
  5791 | D:6      | Killed Eustachio
  5792 | D:6      | Reached XP level 9. HP: 75/78 MP: 9/9
  5817 | D:6      | Found a staircase to the Ecumenical Temple.
  5819 | D:6      | Found a shadowy altar of Dithmenos.
  5825 | Temple   | Entered the Ecumenical Temple
  5888 | Temple   | Became a worshipper of Warmaster Okawaru
  6476 | D:6      | Found a blossoming altar of Fedhas.
  6852 | D:7      | Found a hide-covered altar of Uskayaw.
  6871 | D:7      | Noticed an ice statue
  7922 | D:8      | Reached * piety under Okawaru
  8048 | D:8      | Reached skill level 10 in Long Blades
  8104 | D:8      | Noticed an ice statue
  8113 | D:8      | HP: 2/80 [ice beast[an ice statue] (6)]
  8114 | D:8      | Gained mutation: You occasionally shout uncontrollably at
                  | your foes. [potion of mutation]
  8114 | D:8      | Gained mutation: You are robust. (+10% HP) [potion of
                  | mutation]
  8114 | D:8      | Gained mutation: You tend to lose your temper in combat.
                  | [potion of mutation]
  8114 | D:8      | Gained mutation: You are very robust. (+20% HP) [potion of
                  | mutation]
  8476 | D:8      | Noticed Joseph
  8494 | D:8      | Killed Joseph
  8852 | D:8      | Found a broken altar of Ashenzari.
  8926 | D:8      | Reached skill level 1 in Invocations
  9292 | D:8      | Found an ancient bone altar of Kikubaaqudgha.
  9374 | D:8      | Reached ** piety under Okawaru
  9375 | D:8      | Reached XP level 10. HP: 95/105 MP: 10/10
  9559 | D:8      | Lost mutation: You tend to lose your temper in combat.
                  | [potion of mutation]
  9559 | D:8      | Lost mutation: You occasionally shout uncontrollably at
                  | your foes. [potion of mutation]
  9559 | D:8      | Gained mutation: You are covered in fur. (AC +1) [potion of
                  | mutation]
  9559 | D:8      | Gained mutation: Your system is resistant to poisons.
                  | (rPois) [potion of mutation]
  9858 | D:8      | Noticed an obsidian statue
  9862 | D:8      | Noticed a soul eater
  9862 | D:8      | Noticed a sixfirhy
 10332 | D:9      | Found a sparkling altar of Nemelex Xobeh.
 11268 | D:10     | Entered Level 10 of the Dungeon
 11269 | D:10     | Found a staircase to the Lair.
 11701 | D:10     | Reached *** piety under Okawaru
 12147 | D:10     | Noticed Josephine
 12182 | D:10     | Killed Josephine
 12182 | D:10     | Reached **** piety under Okawaru
 12590 | D:10     | Noticed Fannar
 12655 | D:10     | Killed Fannar
 12656 | D:10     | Reached skill level 5 in Invocations
 12656 | D:10     | Reached XP level 11. HP: 16/118 MP: 14/14
 13347 | D:10     | Noticed Snorg
 13348 | D:10     | Found Wuic's Book Emporium.
 13364 | D:10     | Killed Snorg
 13364 | D:10     | Reached ***** piety under Okawaru
 13733 | Lair:1   | Entered Level 1 of the Lair of Beasts
 13752 | Lair:1   | Reached skill level 10 in Fighting
 13986 | D:11     | Received a gift from Okawaru
 14039 | D:11     | Noticed a seven-headed hydra
 14079 | D:11     | Killed a nine-headed hydra
 14608 | D:11     | Found a runed translucent door.
 14609 | D:11     | Noticed a flayed ghost
 14611 | D:11     | Noticed chispire's ghost (journeyman MiBe)
 14739 | D:11     | Reached skill level 1 in Evocations
 15785 | D:12     | Reached XP level 12. HP: 111/128 MP: 17/17
 15957 | D:12     | Noticed an eight-headed hydra
 15984 | D:11     | Found a staircase to the Orcish Mines.
 15984 | D:11     | Noticed a four-headed hydra
 16011 | D:11     | Reached skill level 1 in Shields
 16016 | D:11     | Killed a five-headed hydra
 16380 | D:11     | You fall into a shaft and drop 2 floors!
 16381 | D:13     | Noticed a vault guard
 16986 | D:13     | Reached skill level 10 in Dodging
 17124 | D:13     | Noticed Erolcha
 17134 | D:13     | Killed Erolcha
 17441 | D:13     | Noticed a centaur warrior
 17450 | D:13     | Killed a centaur warrior
 17647 | D:13     | Noticed a four-headed hydra
 18034 | D:13     | Killed a vault guard
 18182 | D:13     | Reached ****** piety under Okawaru
 18182 | D:13     | Received a gift from Okawaru
 18196 | D:13     | Reached skill level 5 in Evocations
 18213 | D:13     | Got a bloodstained scimitar {god gift}
 18215 | D:13     | Identified the +3 scimitar of Uphisetu {protect, rN+ Int+4
                  | Dex+5} (Okawaru gifted it to you on level 13 of the
                  | Dungeon)
 18223 | D:13     | Noticed an ogre mage
 18234 | D:13     | Killed an ogre mage
 18341 | D:13     | Found a gate to the Vaults.
 18341 | D:13     | Noticed a vault guard
 18342 | D:13     | Noticed a vault guard
 18802 | D:13     | Killed an 11-headed hydra
 19109 | D:14     | Noticed a two-headed ogre
 19120 | D:14     | Killed a two-headed ogre
 19231 | D:14     | Noticed a seven-headed hydra
 19283 | D:14     | Found a runed translucent gate.
 19284 | D:14     | Found a runed translucent gate.
 19284 | D:14     | Noticed 1994's ghost (journeyman PaBe)
 19285 | D:14     | Found a runed translucent gate.
 19296 | D:14     | Noticed an orc high priest
 19297 | D:14     | Found a roughly hewn altar of Beogh.
 19346 | D:14     | Reached XP level 13. HP: 124/138 MP: 19/19
 19396 | D:14     | Found Luicutim's Jewellery Shoppe.
 19444 | D:14     | Bought an uncursed ring of see invisible for 270 gold
                  | pieces
 20030 | D:14     | Received a gift from Okawaru
 20045 | D:14     | Found a shimmering blue altar of Sif Muna.
 20108 | D:15     | Entered Level 15 of the Dungeon
 20108 | D:15     | Found a frozen archway.
 20154 | IceCv    | Entered an ice cave
 20587 | IceCv    | Found an ancient bone altar of Kikubaaqudgha.
 21075 | D:15     | Noticed an ettin
 21084 | D:15     | Killed an ettin
 21084 | D:15     | Received a gift from Okawaru
 21085 | D:15     | Reached skill level 10 in Invocations
 21128 | D:15     | Found a staircase to the Depths.
 21325 | D:15     | Received a gift from Okawaru
 21358 | D:15     | Got a crude hand crossbow {god gift}
 21716 | D:15     | Reached XP level 14. HP: 146/146 MP: 21/21
 21837 | D:15     | Found Lekuloky's Jewellery Shoppe.
 21868 | D:15     | Bought the ring "Ligeguall" {*Slow rF+ rN+ Int+2 Dex+3} for
                  | 505 gold pieces
 22005 | D:15     | Reached XP level 15. HP: 139/153 MP: 22/22
 22022 | D:15     | Reached skill level 10 in Evocations
 22399 | D:14     | HP: 1/153 [mirror damage (11)]
 23116 | D:15     | Found a runed translucent gate.
 23116 | D:15     | Found a runed translucent gate.
 23116 | D:15     | Found a runed translucent gate.
 23119 | D:15     | Found the +10 tower shield of Ignorance {rN+ Int-4}
 23120 | D:15     | Noticed Arafaate's ghost (weakling FoAM)
 23163 | D:15     | Killed Arafaate's ghost
 23176 | D:15     | Received a gift from Okawaru
 23763 | Lair:1   | Identified the +0 hand crossbow "Guisu" {elec, *Corrode
                  | rN+++ Str+6 Dex+3} (Okawaru gifted it to you on level 15 of
                  | the Dungeon)
 23960 | Lair:1   | Learned a level 4 spell: Petrify
 25250 | Lair:2   | Found a staircase to the Snake Pit.
 25769 | Lair:3   | Reached skill level 1 in Crossbows
 25938 | Lair:3   | Noticed Urug
 25951 | Lair:3   | Killed Urug
 26532 | Lair:4   | Identified a scroll of acquirement
 26532 | Lair:4   | Acquired a manual of Fighting
 26793 | Lair:4   | Found a staircase to the Swamp.
 27084 | Lair:4   | You fall into a shaft and drop 2 floors!
 27084 | Lair:6   | Entered Level 6 of the Lair of Beasts
 27516 | Lair:6   | Noticed Kirke
 27542 | Lair:6   | Noticed a sphinx
 27549 | Lair:6   | Killed Kirke
 27549 | Lair:6   | Received a gift from Okawaru
 28841 | Lair:6   | Reached skill level 1 in Earth Magic
 28953 | Lair:5   | Reached skill level 15 in Long Blades
 28960 | Lair:5   | Received a gift from Okawaru
 28996 | Lair:5   | Found a staircase to the Slime Pits.
 29524 | Lair:5   | Got an ancient rapier
 29525 | Lair:5   | Identified the cursed +0 rapier "Yjaxer" {vorpal, Str+4
                  | Stlth+} (You found it on level 5 of the Lair of Beasts)
 30065 | D:12     | Reached XP level 16. HP: 172/172 MP: 23/23
 30643 | Orc:1    | Entered Level 1 of the Orcish Mines
 30652 | Orc:1    | Found a roughly hewn altar of Beogh.
 30949 | Orc:2    | Entered Level 2 of the Orcish Mines
 30986 | Orc:2    | Found Plog's Assorted Antiques.
 30986 | Orc:2    | Found Tacki's Magic Scroll Boutique.
 31030 | Orc:2    | Paralysed by an orc sorcerer for 2 turns
 31051 | Orc:2    | Found Getz's Magic Scroll Boutique.
 31060 | Orc:2    | Found Apoacuy's Magic Scroll Shop.
 31087 | Orc:2    | Bought a double sword for 345 gold pieces
 31087 | Orc:2    | Bought a potion of curing for 69 gold pieces
 31087 | Orc:2    | Bought a scroll of identify for 46 gold pieces
 31087 | Orc:2    | Bought 2 sapphire potions for 41 gold pieces
 31087 | Orc:2    | Bought a scroll of identify for 46 gold pieces
 31087 | Orc:2    | Bought an embroidered cloak for 172 gold pieces
 31531 | Orc:2    | Found a runed translucent door.
 31657 | Orc:2    | Paralysed by an orc sorcerer for 3 turns
 31903 | Orc:2    | Found a staircase to the Elven Halls.
 32288 | Orc:2    | Found a roughly hewn altar of Beogh.
 32577 | Orc:1    | Found a bloodstained altar of Trog.
 32867 | Orc:2    | Bought a scroll of acquirement for 780 gold pieces
 32873 | Orc:2    | Bought a scroll of magic mapping for 52 gold pieces
 32874 | Orc:2    | Acquired 622 gold pieces
 33057 | Depths:1 | Entered Level 1 of the Depths
 33072 | Depths:1 | Found a one-way gate leading to the halls of Pandemonium.
 33348 | Depths:1 | Received a gift from Okawaru
 33533 | Depths:1 | Found a one-way gate to the infinite horrors of the Abyss.
 33754 | Depths:1 | Reached skill level 5 in Earth Magic
 33770 | Depths:1 | Received a gift from Okawaru
 33774 | Depths:1 | Got a bloodstained demon blade {god gift}
 33948 | Depths:1 | Identified the +5 demon blade of Imbalance {flame, +Rage
                  | Str+3 Stlth+} (Okawaru gifted it to you on level 1 of the
                  | Depths)
 34220 | Depths:1 | Noticed a tengu reaver
 34635 | Depths:1 | Killed a tengu reaver
 34736 | Depths:1 | Found a gateway to Hell.
 34792 | Depths:1 | Reached skill level 15 in Fighting
 34882 | Depths:1 | You fall into a shaft and drop 1 floor!
 35210 | Depths:1 | Received a gift from Okawaru
 35230 | Depths:1 | Got a fine scimitar {god gift}
 35231 | Depths:1 | Identified the +6 scimitar "Noaf" {elec, *Drain rF++ Int+4
                  | Stlth+} (Okawaru gifted it to you on level 1 of the Depths)
 35320 | Depths:2 | Found a blossoming altar of Fedhas.
 35327 | Depths:2 | HP: 7/178 [balrug/divine providence (13)]
 35330 | Depths:2 | Killed from afar by a balrug

Illustrated notes

Levels and vault maps discovered:
D:1:      dpeg_arrival_windows_large_door, layout_basic, st_stairs_1
D:2:      kennysheep_six_static_rooms, layout_loops_ring,
          minmay_overflow_temple_star_hex
D:3:      minmay_evil_eye, layout_basic, lemuel_round_altar,
          chequers_ecumenical_altar_island, serial_corexii_hall,
          corexii_hall_statues_s, corexii_hall_statues_l,
          corexii_hall_statues_x, uniq_sigmund
D:4:      layout_loops_ring, ebering_ghost_gozag, uniq_duvessa
D:5:      minmay_chambers_of_threes, layout_loops_cross,
          nicolae_ru_awakened_eye, basic_altar, minmay_misc_feat_plants,
          minmay_lizard_king
D:6:      layout_basic, nicolae_overflow_hidden_temple, grunt_dithmenos_smoke,
          minmay_temple_entry_statues_fountains, corexii_corridor_pit,
          uniq_edmund, uniq_eustachio
D:7:      lemuel_ice_statue, layout_cave_pods, lemuel_doored_altar
D:8:      minmay_separated_statues, layout_loops_corners,
          general_overflow_altar, tgw_kikubaaqudgha, uniq_joseph
D:9:      layout_stronghold, old_standard_altar, lemuel_flamethrower_hall
D:10:     layout_stronghold, lair_entry_dummy, serial_shops, shop,
          dk_noncrumbling_2, chequers_serial_rivers_room_a,
          ebering_dispersal_statue_hall, uniq_fannar, uniq_josephine, uniq_snorg
D:11:     minmay_s_stair_smasher, layout_rooms, ebering_ghost_inner_flame,
          nicolae_island_escapes
D:12:     layout_small_grid
D:13:     layout_loops_ring, grunt_vaults_entry_fortified, uniq_erolcha
D:14:     layout_roguey, serial_shops, nicolae_shop_behind_doors,
          biasface_ghost_orc_armoury, lemuel_blue_sif_altar
D:15:     gammafunk_enter_depths_forms, layout_basic,
          maelrawn_ghost_gauntlet_escape, serial_bayou, serial_bayou_pond_b,
          serial_bayou_pond_e, serial_bayou_pond_b, serial_bayou_pond_e,
          portal_ice_cave_entry_imps, serial_shops, nicolae_shop_stone
Temple:   cyrus_temple_forest
Lair:1:   layout_chaotic_city, grunt_megastairs_2, serial_bayou_shore_b,
          minmay_lair_oklob_chamber, lemuel_fruit_tree
Lair:2:   layout_regular_city, minmay_snake_entry_spellcaster
Lair:3:   lemuel_slime, layout_small_grid, uniq_urug
Lair:4:   layout_misc_corridors, nicolae_swamp_entry_splash_gauntlet,
          disabler_island
Lair:5:   layout_loops_ring, slime_dummy, beast_lair_carwin_9
Lair:6:   due_jungle_book, layout_gridlike, uniq_kirke
Orc:1:    cheibrodos_orc_guarddog, layout_caves, basic_altar, bloody_trog
Orc:2:    st_orc_mages, layout_diamond_mine, lightli_church_of_beogh
Depths:1: layout_roguey, hangedman_coc_ice_floe, grunt_pan_entry_sceptre,
          abyss_entry, serial_sigils_hangedman_clutch,
          chequers_serial_rivers_micro_b, water_maze_lemuel
Depths:2: grunt_profane_halls [grunt_profane_temple_geh,
          grunt_profane_temple_tar, grunt_profane_temple_dis,
          grunt_profane_temple_coc, grunt_profane_loot], hell_entry

Skill      XL: |  1  2  3  4  5  6  7  8  9 10 11 12 13 14 15 16 |
---------------+-------------------------------------------------+-----
Throwing       | 2 |  2.0
Dodging        | 3 4 5 6 7 8 9 10 11 12 13 | 13.5
Fighting       | 3 4 5 6 8 9 10 13 15 | 15.4
Long Blades    | 4 5 6 7 8 10 11 12 13 15 | 15.7
Invocations    | 1 5 7 9 10 | 10.6
Evocations     | 3 5 9 10 | 10.0
Shields        | 3 4 |  4.0
Crossbows      | 4 |  4.0
Earth Magic    | 2 7 |  7.0

Action                   |  1- 3 |  4- 6 |  7- 9 | 10-12 | 13-15 | 16-18 || total
-------------------------+-------+-------+-------+-------+-------+-------++-------
Melee: Long sword        |    93 |   101 |   542 |   846 |       |       ||  1582
       Tailslap          |    13 |    16 |   105 |   229 |   305 |   104 ||   772
       Great sword       |       |       |       |   152 |       |       ||   152
       Scimitar          |       |       |       |    77 |  1125 |   362 ||  1564
       Rapier            |       |       |       |       |     1 |       ||     1
       Demon blade       |       |       |       |       |       |   107 ||   107
Throw: Throwing net      |     1 |     2 |       |       |       |       ||     3
 Abil: Evoke Berserk Rag |       |       |       |       |       |     1 ||     1
Evoke: Wand              |       |       |       |    29 |    28 |     2 ||    59
       Phantom mirror    |       |       |       |       |     2 |       ||     2
       Lightning rod     |       |       |       |       |     4 |     2 ||     6
       Phial of floods   |       |       |       |       |       |     1 ||     1
       Condenser vane    |       |       |       |       |       |     1 ||     1
  Use: Potion            |       |     8 |     2 |     6 |     4 |     5 ||    25
       Scroll            |       |       |    12 |    18 |    24 |    13 ||    67
 Stab: Held in net/web   |       |     1 |       |       |       |       ||     1
       Sleeping          |       |       |     3 |     1 |     4 |     3 ||    11
       Paralysed         |       |       |       |     9 |     8 |       ||    17
       Distracted        |       |       |       |       |     2 |       ||     2
Armor: Skin              |    21 |    53 |   121 |   263 |   237 |    70 ||   765
Dodge: Dodged            |    84 |   108 |   362 |   947 |   912 |   318 ||  2731
Block: Other             |       |       |   101 |   207 |       |       ||   308
       Reflection        |       |       |     2 |     8 |    11 |    21 ||    42
       Buckler           |       |       |       |    55 |   585 |   241 ||   881
       Rpst.: Long sword |    23 |    29 |   125 |   186 |       |       ||   363
       Great sword       |       |       |       |    32 |       |       ||    32
       Scimitar          |       |       |       |    14 |   214 |    54 ||   282
       Demon blade       |       |       |       |       |       |    11 ||    11

Table legend: (Time is in decaauts)
 A = Elapsed time spent in this place.
 B = Non-inter-level travel time spent in this place.
 C = Inter-level travel time spent in this place.
 D = Time resting spent in this place.
 E = Time spent auto-exploring this place.
 F = Levels seen in this place.
 G = Mean time per level.
                   A        B        C        D        E       F      G
               +--------+--------+--------+--------+--------+-----+--------+
         Total |  34753 |  33421 |   1332 |  10626 |  15590 |  27 | 1287.1 |
       Dungeon |  23248 |  22372 |    876 |   7771 |   9934 |  15 | 1549.9 |
        Temple |     96 |     67 |     29 |      0 |     21 |   1 |   96.0 |
          Lair |   6210 |   5991 |    219 |   1157 |   3712 |   6 | 1035.0 |
  Orcish Mines |   2239 |   2041 |    198 |    323 |   1353 |   2 | 1119.5 |
        Depths |   2204 |   2195 |      9 |   1089 |    523 |   2 | 1102.0 |
      Ice Cave |    754 |    754 |      0 |    286 |     47 |   1 |  754.0 |
               +--------+--------+--------+--------+--------+-----+--------+

Top non-repeatable levels by time:
    D:10: 2901 daAuts
    D:13: 2616 daAuts
     D:8: 2031 daAuts
    D:14: 1981 daAuts
Depths:1: 1909 daAuts
    D:15: 1858 daAuts
  Lair:6: 1760 daAuts
    D:11: 1625 daAuts
   Orc:2: 1542 daAuts
     D:4: 1415 daAuts
     D:7: 1365 daAuts
     D:9: 1247 daAuts
  Lair:1: 1244 daAuts
     D:2: 1185 daAuts
     D:3: 1140 daAuts
